 Dungeon Crawl Stone Soup version 0.29.1-15-g9cfb28693d (webtiles) character file.

Game seed: 9636616556999976910

16214 protoss039 the Fighter (level 12, 94/94 HPs)
             Began as a Demonspawn Earth Elementalist on Mar 25, 2023.
             Was a High Priest of Vehumet.
             Got out of the dungeon alive.
             The game lasted 00:26:32 (14004 turns).

protoss039 the Fighter (DsEE)                      Turns: 14004, Time: 00:26:33

Health: 94/94      AC:  9    Str:  9    XL:     12   Next: 8%
Magic:  23/23      EV: 11    Int: 25    God:    Vehumet [*****.]
Gold:   1694       SH:  9    Dex: 11    Spells: 11/25 levels left

rFire   + . .      SeeInvis .   w - +1 whip "Biabir" {vorpal, rF+ Int+3 Dex-4}
rCold   + . .      Faith    .   K - +0 kite shield
rNeg    . . .      Spirit   +   k - +2 robe {Will+}
rPois   .          Reflect  .   (no helmet)
rElec   .          Harm     .   x - +0 cloak
rCorr   .          Rampage  .   (no gloves)
Will    +....                   (boots unavailable)
Stlth   ++........              J - amulet of regeneration
HPRegen 1.05/turn               E - ring of protection from cold
MPRegen 0.36/turn               P - +4 ring of protection

@: no status effects
A: hooves 3, magic shield, magic regeneration, big brain 1
a: Renounce Religion


You escaped.
You worshipped Vehumet.
Vehumet was extremely pleased with you.
You visited 3 branches of the dungeon, and saw 14 of its levels.
You also visited: Sewer.

You collected 1694 gold pieces.

Inventory:

Hand Weapons
 d - a +6 short sword
 e - a +0 dagger of venom
 s - the +8 mace of Vofoh {speed, Str+5 Dex+4}
   (You found it on level 5 of the Dungeon)

   Attacks with this weapon are significantly faster.
   Str:       It affects your strength (+5).
   Dex:       It affects your dexterity (+4).
 w - the +1 whip "Biabir" (weapon) {vorpal, rF+ Int+3 Dex-4}
   (You took it off an orc priest on level 6 of the Dungeon)

   It inflicts extra damage upon your enemies.
   Int:       It affects your intelligence (+3).
   Dex:       It affects your dexterity (-4).
   rF:        It protects you from fire.
Missiles
 c - 2 throwing nets
Armour
 k - a +2 robe of willpower (worn)
 x - a +0 cloak (worn)
 K - a +0 kite shield (worn)
 Q - the +1 ring mail of Peek-a-Boo {Str+6}
   (You found it on level 8 of the Dungeon)

   Str:       It affects your strength (+6).
Jewellery
 h - a ring of protection from fire
 i - a ring of fire
 E - a ring of protection from cold (left hand)
 J - an amulet of regeneration (around neck)
 P - a +4 ring of protection (right hand)
 S - a ring of see invisible
Wands
 m - a wand of mindburst (1)
 u - a wand of flame (22)
 y - a wand of digging (6)
Scrolls
 a - 12 scrolls of teleportation
 f - a scroll of identify
 g - 4 scrolls of poison
 n - 4 scrolls of magic mapping
 p - 4 scrolls of enchant armour
 t - a scroll of torment
 C - 3 scrolls of fog
 F - a scroll of brand weapon {unknown}
 G - 6 scrolls of immolation
 L - 2 scrolls of blinking
 N - a scroll of enchant weapon
Potions
 b - a potion of degeneration {unknown}
 j - a potion of lignification {unknown}
 l - 3 potions of mutation {unknown}
 o - 2 potions of attraction {unknown}
 q - a potion of magic
 r - a potion of invisibility {unknown}
 v - 4 potions of flight
 z - 4 potions of brilliance
 A - 2 potions of ambrosia {unknown}
 B - a potion of haste {unknown}
 D - 2 potions of might {unknown}
 H - 2 potions of heal wounds
 I - a potion of cancellation {unknown}
 M - a potion of resistance {unknown}
 O - 2 potions of berserk rage {unknown}
 R - 5 potions of curing {unknown}


   Skills:
 + Level 8.4 Fighting
 - Level 3.0 Throwing
 + Level 4.9 Armour
 - Level 3.0 Dodging
 - Level 3.0 Stealth
 * Level 5.7 Shields
 + Level 7.4 Spellcasting
 + Level 7.2 Conjurations
 - Level 3.0 Hexes
 - Level 3.0 Transmutations
 - Level 3.0 Fire Magic
 - Level 3.0 Air Magic
 + Level 7.6 Earth Magic
 - Level 3.0 Evocations


You had 11 spell levels left.
You knew the following spells:

 Your Spells              Type           Power      Damage    Failure   Level
a - Sandblast             Erth           94%        2d19      1%          1
b - Passwall              Tmut/Erth      29%        N/A       3%          2
c - Stone Arrow           Conj/Erth      92%        3d12      1%          3
d - Swiftness             Air            24%        N/A       16%         3
e - Static Discharge      Conj/Air       34%        3-8/arc   1%          2
f - Inner Flame           Hex/Fire       24%        N/A       4%          3

Your spell library contained the following spells:

 Spells                   Type           Power      Damage    Failure   Level
 Hailstorm                Conj/Ice       27%        3d7       11%         4
 Magic Dart               Conj           100%       1d8       1%          1
 Shock                    Conj/Air       100%       1d9       1%          1
 Searing Ray              Conj           90%        2d7       1%          2
 Slow                     Hex            96%        N/A       4%          1
 Fulminant Prism          Conj/Hex       17%        3d11      6%          4
 Airstrike                Air            12%        2d(2-18)  13%         4
 Confusing Touch          Hex            24%        N/A       16%         3
 Fireball                 Conj/Fire      17%        3d9       16%         5
 Petrify                  Tmut/Erth      35%        N/A       21%         4
 Iron Shot                Conj/Erth      23%        9d5       30%         6
 Animate Armour           Summ/Erth      56%        N/A       36%         4
 Vampiric Draining        Necr           9%         2d6       45%         3
 Starburst                Conj/Fire      17%        6d6       58%         6
 Blade Hands              Tmut           12%        N/A       80%         5
 Ignition                 Fire           12%        3d6       100%        8


Dungeon Overview and Level Annotations

Branches:
Dungeon (11/15) Zot: 26314  Temple (1/1) D:4 Zot: 5613    Lair (2/5) D:9 Zot: 11028
  Sewer (visited)
  Swamp: Lair:2-3    Shoals: Lair:2-3     Snake: Lair:2-3    Spider: Lair:2-3
    Orc: D:9-12

Altars:
Ashenzari
Cheibriados
Dithmenos
Fedhas
Gozag
Hepliaklqana
Kikubaaqudgha
Makhleb
Nemelex Xobeh
Okawaru
Qazlal
Ru
Sif Muna
Trog
Uskayaw
Vehumet
Wu Jian
Xom
Yredelemnul

Shops:
D:1 =

Annotations:
D:11 1 transporter, MrClown's ghost, journeyman DsNe


Innate Abilities, Weirdness & Mutations

You have hooves in place of feet.
When hurt, damage is shared between your health and your magic reserves.
You regenerate magic rapidly.
You have an unusually large brain. (Int +2)


Message History

Okay, then.
(D) Dungeon (T) Temple (L) Lair
Where to? (Enter - Lair:1 @ (x,y), ? - help)
What level of the Dungeon? (default 9, ? - help)
There is a staircase back to the Dungeon, spattered with blood here.
You climb upwards.
Welcome back to the Dungeon!
There is a staircase to the Lair, spattered with blood here.
There is a stone staircase leading up here.
You climb upwards.
There is a stone staircase leading down here.
Things that are here:
a +0 chain mail; a +0 club
There is a stone staircase leading up, spattered with blood here.
You climb upwards.
There is a stone staircase leading down here.
There is a stone staircase leading up here.
You climb upwards.
There is a stone staircase leading down here.
There is a stone staircase leading up here.
You climb upwards.
There is a stone staircase leading down here.
There is a stone staircase leading up here.
You climb upwards.
There is a stone staircase leading down here.
You see here an adder skeleton.
There is a stone staircase leading up here.
You climb upwards.
There is a stone staircase leading down here.
You see here 4 poisoned darts.
There is a stone staircase leading up here.
You climb upwards.
There is a stone staircase leading down here.
There is a stone staircase leading up here.
You climb upwards.
There is a stone staircase leading down here.
You see here 6 stones.
There is an open door here.
There is a staircase leading out of the dungeon here.
Are you sure you want to leave the Dungeon?
This will make you lose the game!
You have escaped!

#######
#.....#
#.....#
#.##@.#
#.....#
#.....#
#'#####
###.######
#..(.#...#
##....#...#
##.....#.8.#
#......'...#


There were no monsters in sight!

Vanquished Creatures
  Josephine (D:10)
  A hydra (D:8)
  2 two-headed ogres (D:10)
  Nergalle (D:10)
  An ugly thing (D:11)
  A manticore (D:8)
  3 cane toads (Lair:1)
  4 komodo dragons
  Psyche (D:9)
  4 trolls
  A hornet (D:6)
  Grinder (D:3)
  24 yaks
  5 wraiths
  2 basilisks
  2 steam dragons
  4 water moccasins
  An orc warrior (D:9)
  3 sky beasts
  A black bear (D:5)
  2 centaurs
  A phantom (D:6)
  3 ogres
  4 kobold brigands
  5 bullfrogs
  A gnoll sergeant (D:9)
  4 necrophages
  3 scorpions
  7 wights
  8 killer bees (D:8)
  3 howler monkeys
  6 hounds
  6 orc priests
  A gnoll bouda (D:10)
  Ijyb (D:3)
  Jessica (D:2)
  5 orc wizards
  A hell rat (Sewer)
  6 iguanas
  11 gnolls
  17 adders
  3 river rats (Sewer)
  A shadow imp (D:7)
  A white imp (D:5)
  2 ufetubi
  4 worms
  44 orcs
  4 endoplasms
  3 giant cockroaches
  5 goblins
  3 hobgoblins
  8 jackals
  4 quokkas
  3 ball pythons
  7 bats
  5 frilled lizards
  24 kobolds
  7 rats
287 creatures vanquished.

Notes
Turn   | Place    | Note
-------+----------+-------------------------------------------
     0 | D:1      | protoss039 the Demonspawn Earth Elementalist began the
                  | quest for the Orb.
     0 | D:1      | Reached XP level 1. HP: 13/13 MP: 3/3
    89 | D:1      | Found Wagaov's Jewellery Shop.
   580 | D:1      | Gained mutation: You have large cloven feet. [demonic
                  | ancestry]
   580 | D:1      | Reached XP level 2. HP: 20/20 MP: 3/5
   948 | D:1      | Reached skill level 1 in Fighting
  1096 | D:1      | Learned a level 2 spell: Passwall
  1097 | D:2      | Found a faded altar of an unknown god.
  1153 | D:2      | Gained mutation: You have hoof-like feet. [demonic
                  | ancestry]
  1153 | D:2      | Reached XP level 3. HP: 17/26 MP: 2/6
  1672 | D:2      | Noticed Jessica
  1677 | D:2      | Killed Jessica
  1678 | D:2      | Reached skill level 1 in Armour
  1678 | D:2      | Reached XP level 4. HP: 33/33 MP: 4/8
  1827 | D:2      | Found a hazy altar of Hepliaklqana.
  1924 | D:2      | Reached skill level 2 in Fighting
  1994 | D:2      | Learned a level 3 spell: Stone Arrow
  2097 | D:3      | Noticed Ijyb
  2116 | D:3      | Killed Ijyb
  2319 | D:3      | Gained mutation: You regenerate magic rapidly. [demonic
                  | ancestry]
  2319 | D:3      | Reached XP level 5. HP: 38/38 MP: 6/9
  2422 | D:3      | Noticed Grinder
  2430 | D:3      | Killed Grinder
  2431 | D:3      | Reached skill level 1 in Conjurations
  2431 | D:3      | Gained mutation: When hurt, damage is shared between your
                  | health and your magic reserves. [demonic ancestry]
  2431 | D:3      | Reached XP level 6. HP: 25/46 MP: 10/10
  2745 | D:3      | Identified the +0 leather armour of Ignis, Transmuting
                  | {Str+3}
  3076 | D:4      | Found a sacrificial altar of Ru.
  3285 | D:4      | Found a staircase to the Ecumenical Temple.
  3302 | Temple   | Entered the Ecumenical Temple
  3613 | Temple   | Became a worshipper of Vehumet
  3703 | D:4      | Reached skill level 3 in Fighting
  3703 | D:4      | Reached XP level 7. HP: 52/52 MP: 10/12
  4145 | D:5      | Entered Level 5 of the Dungeon
  4540 | D:5      | Reached XP level 8. HP: 42/60 MP: 6/14
  4883 | D:5      | Reached * piety under Vehumet
  4883 | D:5      | Offered knowledge of Freeze by Vehumet.
  4921 | D:5      | Identified the +8 mace of Vofoh {speed, Str+5 Dex+4}
  5038 | D:5      | Reached skill level 4 in Fighting
  5748 | D:5      | Reached skill level 5 in Earth Magic
  6022 | D:6      | Found a glowing drain.
  6524 | Sewer    | Entered a sewer
  6851 | D:6      | Reached skill level 5 in Spellcasting
  6870 | D:6      | Identified the +1 whip "Biabir" {vorpal, rF+ Int+3 Dex-4}
  7008 | D:6      | Reached skill level 5 in Fighting
  7233 | D:6      | Noticed a hornet
  7240 | D:6      | Killed a hornet
  7246 | D:6      | HP: 3/62 [poisoned by a hornet]
  7573 | D:6      | Reached XP level 9. HP: 68/68 MP: 15/17
  7630 | D:6      | Found a blossoming altar of Fedhas.
  7663 | D:6      | Reached skill level 5 in Conjurations
  7875 | D:6      | Noticed a troll
  7879 | D:6      | Killed a troll
  8081 | D:6      | Offered knowledge of Foxfire by Vehumet.
  8105 | D:6      | Reached ** piety under Vehumet
  8302 | D:7      | Reached skill level 6 in Fighting
  8673 | D:7      | Reached skill level 1 in Shields
  9138 | D:7      | Offered knowledge of Static Discharge by Vehumet.
  9142 | D:7      | Learned a level 2 spell: Static Discharge
  9660 | D:8      | Reached *** piety under Vehumet
  9785 | D:8      | Gained mutation: You have hooves in place of feet. [demonic
                  | ancestry]
  9785 | D:8      | Reached XP level 10. HP: 77/77 MP: 19/19
  9792 | D:8      | Reached skill level 1 in Air Magic
  9883 | D:8      | Offered knowledge of Frozen Ramparts by Vehumet.
 10222 | D:8      | Noticed a six-headed hydra
 10230 | D:8      | Killed a six-headed hydra
 10231 | D:8      | Reached skill level 7 in Fighting
 10301 | D:8      | Noticed a manticore
 10316 | D:8      | Killed a manticore
 10418 | D:8      | Identified the +1 ring mail of Peek-a-Boo {Str+6}
 10531 | D:8      | Identified a scroll of acquirement
 10532 | D:8      | Acquired 882 gold pieces
 10682 | D:9      | Reached **** piety under Vehumet
 10780 | D:9      | Noticed Psyche
 10786 | D:9      | Killed Psyche
 10882 | D:9      | Found a staircase to the Lair.
 10898 | D:9      | Reached skill level 8 in Fighting
 10930 | D:9      | Offered knowledge of Inner Flame by Vehumet.
 11059 | D:9      | Found a burning altar of Makhleb.
 11287 | D:9      | Gained mutation: You have an unusually large brain. (Int
                  | +2) [demonic ancestry]
 11287 | D:9      | Reached XP level 11. HP: 73/86 MP: 3/21
 11493 | D:9      | Learned a level 3 spell: Inner Flame
 11494 | D:10     | Entered Level 10 of the Dungeon
 11526 | D:10     | Reached skill level 1 in Transmutations
 11635 | D:10     | Noticed Nergalle
 11642 | D:10     | Killed Nergalle
 11643 | D:10     | Found a hide-covered altar of Uskayaw.
 11772 | D:10     | Noticed a two-headed ogre
 11778 | D:10     | Killed a two-headed ogre
 11779 | D:10     | Reached skill level 1 in Throwing
 11779 | D:10     | Reached skill level 1 in Hexes
 11779 | D:10     | Reached skill level 1 in Fire Magic
 11779 | D:10     | Reached skill level 1 in Evocations
 11781 | D:10     | Reached skill level 5 in Shields
 11899 | D:10     | Noticed a +0 hand axe
 11900 | D:10     | Noticed a +0 dagger
 12095 | D:10     | Noticed a two-headed ogre
 12101 | D:10     | Killed a two-headed ogre
 12375 | D:10     | Learned a level 3 spell: Swiftness
 12380 | D:11     | Noticed a purple ugly thing
 12381 | D:11     | Noticed MrClown's ghost (journeyman DsNe)
 12381 | D:11     | Noticed an eight-headed hydra
 12383 | D:11     | Noticed a fire dragon
 12387 | D:11     | Killed a purple ugly thing
 12427 | D:11     | Noticed a skeletal warrior
 12459 | D:11     | Noticed a skeletal warrior
 12526 | D:11     | Found a transporter.
 12558 | D:11     | Noticed Josephine
 12612 | D:10     | Killed Josephine
 12688 | D:11     | Noticed a skeletal warrior
 12764 | Lair:1   | Entered Level 1 of the Lair of Beasts
 12929 | D:9      | Reached ***** piety under Vehumet
 13012 | Lair:1   | Offered knowledge of Hailstorm by Vehumet.
 13267 | Lair:1   | Reached XP level 12. HP: 94/94 MP: 11/23
 14004 | D:$      | Got out of the dungeon alive.

Illustrated notes

Levels and vault maps discovered:
D:1:      dpeg_arrival_rooms_b, layout_loops_cross, serial_shops, shop
D:2:      layout_loops_cross, nicolae_ecumenical_pavilion, basic_altar,
          corexii_hall_statues_t, uniq_jessica
D:3:      layout_basic, uniq_ijyb, uniq_grinder
D:4:      layout_basic, mainiacjoe_overflow_alcove_4, minmay_temple_entry_tees
D:5:      kennysheep_six_static_rooms, layout_layer_cave,
          nicolae_concentric_dashed_squares_wild
D:6:      layout_gridville, jmf_multi_god_temple, cheibrodos_sewer_entry_sluice,
          chequers_serial_rivers_micro_a, minmay_increasing_density
D:7:      layout_layer_cave
D:8:      layout_gridville, wad_mini_maze
D:9:      layout_roguey, bloody_makhleb, lair_entry_dummy, uniq_psyche
D:10:     layout_gridville, dancing_weapons_uskayaw,
          chequers_serial_rivers_micro_d, wad_floor_pattern_untrapped,
          minmay_misc_feat_secret_circle, uniq_nergalle
D:11:     layout_rooms, erik_orc_3, gammafunk_ghost_berserking_beasts,
          uniq_gastronok, uniq_fannar, uniq_josephine
Temple:   minmay_temple_bridge_d
Lair:1:   layout_long_grid, grunt_megastairs_1
Lair:2:   layout_roguey, minmay_shoals_entry_centaurs, enter_volcano_4,
          gauntlet_entry_generic, grunt_megastairs_2

Skill      XL: |  1  2  3  4  5  6  7  8  9 10 11 12 |
---------------+-------------------------------------+-----
Fighting       | 1 2 3 5 6 8 |  8.4
Earth Magic    | 3 4 5 6 7 |  7.6
Armour         | 1 2 3 4 |  4.9
Stealth        | 2 3 |  3.0
Spellcasting   | 3 4 5 6 7 |  7.4
Conjurations   | 1 2 3 4 6 7 |  7.2
Shields        | 2 4 5 |  5.7
Air Magic      | 2 3 |  3.0
Transmutations | 3 |  3.0
Dodging        | 3 |  3.0
Throwing       | 2 3 |  3.0
Hexes          | 2 3 |  3.0
Fire Magic     | 2 3 |  3.0
Evocations     | 2 3 |  3.0

Action                   |  1- 3 |  4- 6 |  7- 9 | 10-12 || total
-------------------------+-------+-------+-------+-------++-------
Melee: Unarmed           |    14 |       |       |       ||    14
       Dagger            |    44 |    64 |   102 |       ||   210
       Kick              |    16 |    13 |    50 |    11 ||    90
       Punch             |     1 |       |     3 |       ||     4
       Mace              |       |       |    22 |       ||    22
       Whip              |       |       |    18 |    28 ||    46
 Cast: Sandblast         |    23 |    23 |   133 |    92 ||   271
       Stone Arrow       |       |       |    49 |   160 ||   209
       Inner Flame       |       |       |       |     5 ||     5
       Static Discharge  |       |       |       |     2 ||     2
Evoke: Wand              |       |     5 |     1 |    10 ||    16
  Use: Scroll            |       |     1 |    10 |     9 ||    20
       Potion            |       |       |     4 |     1 ||     5
 Stab: Sleeping          |     1 |     8 |       |       ||     9
Armor: Robe              |    22 |    21 |    51 |    31 ||   125
Dodge: Dodged            |    46 |    40 |   150 |    53 ||   289
Block: Kite shield       |       |       |    11 |    79 ||    90
